 Dungeon Crawl Stone Soup version 0.24-a0-479-g9a978d2894 (webtiles) character file.

Game seed: 17716309142750127702

205 Elric the Vexing (level 5, -6/41 HPs)
             Began as a Gnoll Arcane Marksman on July 8, 2019.
             Was an Initiate of Okawaru.
             Mangled by an orc warrior
             ... wielding a +0 glaive
              (20 damage)
             ... on level 3 of the Dungeon.
             The game lasted 00:04:50 (3404 turns).

Elric the Vexing (Gnoll Arcane Marksman)            Turns: 3404, Time: 00:04:51

Health: -6/41      AC:  5    Str: 14    XL:     5   Next: 83%
Magic:  9/9        EV: 13    Int: 15    God:    Okawaru [......]
Gold:   58         SH:  0    Dex: 15    Spells: 9/10 levels left

rFire    . . .     SeeInvis .   v - +0 quarterstaff
rCold    . . .     Gourm    .   (shield currently unavailable)
rNeg     . . .     Faith    .   j - +0 ring mail
rPois    .         Spirit   .   (no helmet)
rElec    .         Reflect  .   (no cloak)
rCorr    .         Harm     .   (no gloves)
MR       .....                  (no boots)
Stlth    +.........             (no amulet)
HPRegen  0.13/turn              (no ring)
MPRegen  0.11/turn              (no ring)

@: starving
A: distributed training, fangs 1, strong nose
a: Renounce Religion


You were on level 3 of the Dungeon.
You worshipped Okawaru.
Okawaru was noncommittal.
You were starving.

You visited 1 branch of the dungeon, and saw 3 of its levels.

You collected 58 gold pieces.

Inventory:

Hand Weapons
 b - a +0 short sword
 v - a +0 quarterstaff (weapon)
Missiles
 n - 2 boomerangs (quivered)
Armour
 a - a +0 robe
 j - a +0 ring mail (worn)
Scrolls
 e - a scroll of noise {unknown}
 i - 2 scrolls of enchant weapon {unknown}
 l - a scroll of magic mapping {unknown}
 m - 4 scrolls of amnesia {unknown}
 s - a scroll of remove curse {unknown}
 t - a scroll of teleportation {unknown}
Potions
 g - a potion of invisibility {unknown}
 h - 2 potions of curing {unknown}
 k - a potion of brilliance {unknown}
 o - a potion of berserk rage {unknown}
 q - 2 potions of heal wounds {unknown}
 r - 2 potions of haste {unknown}
 u - a potion of lignification {unknown}
Comestibles
 f - 3 rations


   Skills:
 + Level 3.0 Fighting
 + Level 1.6 Short Blades
 + Level 1.6 Long Blades
 + Level 1.6 Axes
 + Level 1.6 Maces & Flails
 + Level 1.6 Polearms
 + Level 1.6 Staves
 + Level 1.6 Slings
 + Level 1.6 Bows
 + Level 1.6 Crossbows
 + Level 4.8 Throwing
 + Level 1.6 Armour
 + Level 4.8 Dodging
 + Level 1.6 Stealth
 + Level 1.6 Shields
 + Level 1.6 Unarmed Combat
 + Level 3.2 Spellcasting
 + Level 1.3 Conjurations
 + Level 5.6 Hexes
 + Level 1.3 Charms
 + Level 1.3 Summonings
 + Level 1.3 Necromancy
 + Level 1.3 Translocations
 + Level 1.3 Transmutations
 + Level 1.3 Fire Magic
 + Level 1.3 Ice Magic
 + Level 1.3 Air Magic
 + Level 1.3 Earth Magic
 + Level 1.3 Poison Magic
 + Level 1.8 Invocations
 + Level 1.6 Evocations


You had 9 spell levels left.
You knew the following spells:

 Your Spells              Type           Power        Failure   Level  Hunger
a - Corona                Hex            ###....      4%          1    #......

Your spell library contained the following spells:

 Spells                   Type           Power        Failure   Level  Hunger
 Slow                     Hex            ###.....     6%          2    ##.....
 Inner Flame              Hex/Fire       ##......     28%         3    ###....
 Portal Projectile        Hex/Tloc       ##....       28%         3    ###....
 Cause Fear               Hex            ###.......   38%         4    #####..
 Leda's Liquefaction      Hex/Erth       ##........   67%         4    #####..


Dungeon Overview and Level Annotations

Branches:
Dungeon (3/15)

Altars:
Elyvilon
Makhleb
Okawaru


Innate Abilities, Weirdness & Mutations

Your experience applies equally to all skills.
You have very sharp teeth.
Your uncanny sense of smell can sniff out nearby items.


Message History

The giant cockroach misses you.
The orc warrior hits you from afar with a +0 glaive!
Throwing (i - inventory)
n - 2 boomerangs (quivered)
Press: ? - help, Shift-Dir - straight line, f/p - orc warrior
Aim: an orc warrior, wielding a +0 glaive and wearing a +0 chain mail (heavily wounded)
You throw a boomerang. The boomerang hits the orc warrior!
The orc warrior is severely wounded.
The giant cockroach closely misses you.
Throwing (i - inventory)
n - 2 boomerangs (quivered)
Press: ? - help, Shift-Dir - straight line, f/p - orc warrior
Aim: an orc warrior, wielding a +0 glaive and wearing a +0 chain mail (severely wounded)
You throw a boomerang.
The boomerang closely misses the orc warrior.
The orc warrior hits you from afar with a +0 glaive!
The giant cockroach barely misses you.
You are starving!
The giant cockroach bites you but does no damage.
The hobgoblin hits you but does no damage.
The orc warrior hits you from afar with a +0 glaive!!
You die...

#########
#.......#
#.......#
#.?....<#
#.$.....#
#.s.....#
#@g(...(# ∆
#..o....#
#...((([#
#######.(...
####... ..s
.. .


You could see an orc warrior, a giant cockroach and a hobgoblin.

Vanquished Creatures
  A crimson imp (D:2)
  2 orc wizards (D:2)
  Jessica (D:2)
  4 adders (D:2)
  A dart slug (D:1)
  2 leopard geckos (D:2)
  An orc (D:3)
  3 giant cockroaches
  5 goblins
  7 hobgoblins
  4 jackals
  A quokka (D:2)
  4 bats
  4 frilled lizards
  6 kobolds
  8 rats
54 creatures vanquished.

Notes
Turn   | Place    | Note
-------+----------+-------------------------------------------
     0 | D:1      | Elric the Gnoll Arcane Marksman began the quest for the
                  | Orb.
     0 | D:1      | Reached XP level 1. HP: 17/17 MP: 4/4
   585 | D:1      | Reached XP level 2. HP: 19/23 MP: 5/5
  1649 | D:2      | Reached XP level 3. HP: 28/28 MP: 7/7
  1695 | D:2      | Reached skill level 1 in Invocations
  1926 | D:2      | Found a burning altar of Makhleb.
  2012 | D:2      | Reached skill level 1 in Short Blades
  2012 | D:2      | Reached skill level 1 in Long Blades
  2012 | D:2      | Reached skill level 1 in Axes
  2012 | D:2      | Reached skill level 1 in Maces & Flails
  2012 | D:2      | Reached skill level 1 in Polearms
  2012 | D:2      | Reached skill level 1 in Staves
  2012 | D:2      | Reached skill level 1 in Slings
  2012 | D:2      | Reached skill level 1 in Bows
  2012 | D:2      | Reached skill level 1 in Crossbows
  2012 | D:2      | Reached skill level 1 in Armour
  2012 | D:2      | Reached skill level 1 in Stealth
  2012 | D:2      | Reached skill level 1 in Shields
  2012 | D:2      | Reached skill level 1 in Unarmed Combat
  2012 | D:2      | Reached skill level 1 in Evocations
  2012 | D:2      | Reached XP level 4. HP: 13/34 MP: 8/8
  2303 | D:2      | Found a white marble altar of Elyvilon.
  2328 | D:2      | Reached skill level 1 in Conjurations
  2328 | D:2      | Reached skill level 1 in Charms
  2328 | D:2      | Reached skill level 1 in Summonings
  2328 | D:2      | Reached skill level 1 in Necromancy
  2328 | D:2      | Reached skill level 1 in Translocations
  2328 | D:2      | Reached skill level 1 in Transmutations
  2328 | D:2      | Reached skill level 1 in Fire Magic
  2328 | D:2      | Reached skill level 1 in Ice Magic
  2328 | D:2      | Reached skill level 1 in Air Magic
  2328 | D:2      | Reached skill level 1 in Earth Magic
  2328 | D:2      | Reached skill level 1 in Poison Magic
  2472 | D:2      | Noticed Jessica
  2483 | D:2      | Killed Jessica
  2483 | D:2      | Reached XP level 5. HP: 35/40 MP: 9/9
  2494 | D:2      | Found an iron altar of Okawaru.
  2525 | D:2      | Became a worshipper of Warmaster Okawaru
  2922 | D:3      | Noticed an orc warrior
  2946 | D:3      | HP: 1/41 [orc warrior/+0 glaive (23)]
  3404 | D:3      | Mangled by an orc warrior

Levels and vault maps discovered:
D:1:      minmay_arrival_doors, layout_basic, kennysheep_small_spiral,
          nrook_loot_triangle, minivault_26
D:2:      layout_basic, okawaru_gym_becter, makhleb_grotto_becter,
          serial_bayou_pond_c, elyvilon_altar_3, uniq_jessica
D:3:      layout_rooms, first_ration

Skill      XL: |  1  2  3  4  5 |
---------------+----------------+-----
Invocations    | 1 |  1.8
Short Blades   | 1 |  1.6
Long Blades    | 1 |  1.6
Axes           | 1 |  1.6
Maces & Flails | 1 |  1.6
Polearms       | 1 |  1.6
Staves         | 1 |  1.6
Slings         | 1 |  1.6
Bows           | 1 |  1.6
Crossbows      | 1 |  1.6
Armour         | 1 |  1.6
Stealth        | 1 |  1.6
Shields        | 1 |  1.6
Unarmed Combat | 1 |  1.6
Spellcasting   | 3 |  3.2
Evocations     | 1 |  1.6
Conjurations   | 1 |  1.3
Charms         | 1 |  1.3
Summonings     | 1 |  1.3
Necromancy     | 1 |  1.3
Translocations | 1 |  1.3
Transmutations | 1 |  1.3
Fire Magic     | 1 |  1.3
Ice Magic      | 1 |  1.3
Air Magic      | 1 |  1.3
Earth Magic    | 1 |  1.3
Poison Magic   | 1 |  1.3
Fighting       | 3 |  3.0
Throwing       | |  4.8
Dodging        | |  4.8
Hexes          | |  5.6

Action                   |  1- 3 |  4- 6 || total
-------------------------+-------+-------++-------
Melee: Unarmed           |    64 |       ||    64
       Bite              |    20 |     6 ||    26
       Short sword       |    82 |    53 ||   135
       Quarterstaff      |       |    26 ||    26
Throw: Javelin           |    16 |     7 ||    23
       Boomerang         |    39 |     2 ||    41
       Dart              |       |    24 ||    24
       Throwing net      |       |     2 ||     2
 Cast: Corona            |     2 |       ||     2
  Eat: Chunk             |     3 |     3 ||     6
Armor: Chain mail        |     5 |       ||     5
       Ring mail         |    38 |    48 ||    86
Dodge: Dodged            |    88 |    78 ||   166

Table legend:
 A = Non-vault XP
 B = Vault XP
 C = Vault XP percentage of total XP
 D = Non-vault monster count
 E = Vault monster count
 F = Vault count percentage of total count
                 A         B        C        D         E       F
            +---------+---------+-------+---------+---------+-------
      Total |     206 |      87 |  29.7 |      52 |       2 |   3.7
            +---------+---------+-------+---------+---------+-------
        D:1 |      32 |       0 |   0.0 |      21 |       0 |   0.0
        D:2 |     168 |      87 |  34.1 |      28 |       2 |   6.7
        D:3 |       6 |       0 |   0.0 |       3 |       0 |   0.0
            +---------+---------+-------+---------+---------+-------
